 Dungeon Crawl Stone Soup version 0.29-a0-670-g5ff2a30383 (webtiles) character file.

Game seed: 7568456480002037203

92 DeathSun the Cudgeller (level 4, -1/35 HPs)
             Began as a Demonspawn Monk on June 24, 2022.
             Was a Believer of Uskayaw.
             Splashed by a jelly's acid (7 damage)
             ... in a sewer.
             The game lasted 00:06:49 (3239 turns).

DeathSun the Cudgeller (Demonspawn Monk)            Turns: 3239, Time: 00:06:50

Health: -1/35      AC: -4    Str: 13    XL:     4   Next: 35%
Magic:  5/5        EV:  6    Int: 12    God:    Uskayaw [**....]
Gold:   72         SH:  0    Dex: 15    Spells: 3/3 levels left

rFire   . . .      SeeInvis .   a - +0 mace
rCold   . . .      Faith    .   (no shield)
rNeg    . . .      Spirit   .   g - +0 chain mail
rPois   .          Reflect  .   (helmet restricted)
rElec   .          Harm     .   (no cloak)
rCorr   .          Rampage  .   (no gloves)
Will    .....                   (no boots)
Stlth   ..........              (no amulet)
HPRegen 0.11/turn               (no ring)
MPRegen 0.09/turn               (no ring)

@: corroded
A: hooves 1, horns 1, powered by pain 1
a: Renounce Religion, Stomp, Line Pass


You were in a sewer.
You worshipped Uskayaw.
Uskayaw was noncommittal.
You visited 1 branch of the dungeon, and saw 3 of its levels.
You also visited: Sewer.

You collected 72 gold pieces.

Inventory:

Hand Weapons
 a - a +0 mace (weapon)
Missiles
 j - 10 poisoned darts (quivered)
Armour
 b - a +0 robe
 g - a +0 chain mail (worn)
 h - a +0 leather armour
 t - a +0 ring mail
Magical Staves
 d - a staff of cold
Jewellery
 p - a ring of magical power
Scrolls
 c - 2 scrolls of noise {unknown}
 e - a scroll of teleportation {unknown}
 k - a scroll of enchant weapon {unknown}
 m - 2 scrolls of identify {unknown}
 s - a scroll of summoning {unknown}
Potions
 f - 2 potions of flight {unknown}
 i - a potion of heal wounds {unknown}
 l - a potion of haste {unknown}
 n - a potion of curing {unknown}
 o - a potion of might {unknown}
 q - a potion of berserk rage {unknown}
 r - a potion of degeneration {unknown}
 u - a potion of resistance {unknown}


   Skills:
 - Level 3.0 Fighting
 * Level 4.5 Maces & Flails
 - Level 2.6 Dodging
 - Level 1.7 Stealth
 * Level 1.6 Invocations


You had 3 spell levels left.
You didn't know any spells.
Your spell library contained the following spells:

 Spells                   Type           Power      Damage    Failure   Level
 Gell's Gravitas          Tloc           0%         N/A       100%        3
 Teleport Other           Tloc           0%         N/A       100%        3
 Dispersal                Tloc           0%         N/A       100%        6
 Disjunction              Tloc           0%         N/A       100%        8


Dungeon Overview and Level Annotations

Branches:
Dungeon (3/15)              Sewer (1/1)

Altars:
Uskayaw


Innate Abilities, Weirdness & Mutations

You have large cloven feet.
You have a pair of small horns on your head.
You sometimes gain a little power by taking damage.


Message History

HP restored.
You enter the shallow water.
Moving in this stuff is going to be slow.
Found a chain mail.
You see here a +0 chain mail.
You start removing your armour.
You continue taking off your +0 ring mail. x4
You finish taking off your +0 ring mail.
You start putting on your armour.
You continue putting on your +0 chain mail. x5
You finish putting on your +0 chain mail.
u - an emerald potion You start waiting.
Done waiting.
Found a gate leading back out of this place.
There is a gate leading back out of this place here.
You enter the shallow water.
Moving in this stuff is going to be slow.
A jelly comes into view.
Found 2 scrolls labelled ETUWESCHUTA and a metallic coppery potion.
The jelly quivers.
A jelly is nearby!
Found a viscous altar of Jiyva.
You sock the jelly! The acid corrodes you!
Your hands burn!
You kick the jelly, but do no damage.
The jelly is heavily wounded.
The jelly hits you but does no damage.
You hit the jelly. The acid corrodes you!
Your hands burn!
The jelly is severely wounded.
The jelly hits you.
You are splashed with acid!
You can now pass through a line of other dancers.
You hit the jelly but do no damage. The acid corrodes you!
Your hands burn!
You kick the jelly, but do no damage.
The jelly is severely wounded.
The jelly hits you.
You are splashed with acid!
* * * LOW HITPOINT WARNING * * *
The jelly hits you.
* * * LOW HITPOINT WARNING * * *
You are splashed with acid!
You die...

# ### # J≈## ## .≈≈#
≈### #..# .≈≈##
##≈.####
.÷≈.####≈.≈.≈.##
#.≈..##≈≈.≈≈≈≈.####
##≈...≈††###≈≈..≈.##
##≈.≈≈.##.##...@≈.#
#..≈.##...#≈≈##J.≈≈≈#
#≈≈≈≈≈≈..##≈≈#
#.≈.≈..
#≈≈...≈..##≈≈≈#
≈≈..?_
#...#≈≈≈≈≈...∩##
≈≈.!. .≈≈##≈≈≈#.≈≈≈##
.#### ..# ##≈≈######
# ## #≈≈. ##≈.


You could see a jelly.

Vanquished Creatures
  3 adders
  4 worms
  4 ball pythons
  5 bats
  12 endoplasms
  6 giant cockroaches
  2 hobgoblins (D:1)
  2 jackals (D:1)
  A kobold (D:2)
  A quokka (D:2)
  6 frilled lizards
  3 rats
49 creatures vanquished.

Notes
Turn   | Place    | Note
-------+----------+-------------------------------------------
     0 | D:1      | DeathSun the Demonspawn Monk began the quest for the Orb.
     0 | D:1      | Reached XP level 1. HP: 18/18 MP: 1/1
   185 | D:1      | Reached skill level 3 in Maces & Flails
   359 | D:1      | Gained mutation: You sometimes gain a little power by
                  | taking damage. [demonic ancestry]
   359 | D:1      | Reached XP level 2. HP: 23/24 MP: 2/2
  1162 | D:2      | Discovered your monstrous ancestry.
  1162 | D:2      | Gained mutation: You have a pair of small horns on your
                  | head. [demonic ancestry]
  1162 | D:2      | Reached XP level 3. HP: 22/29 MP: 3/3
  1172 | D:2      | Reached skill level 4 in Maces & Flails
  1848 | D:2      | Found a faded altar of an unknown god.
  1857 | D:2      | Prayed at the altar of an unknown god.
  1857 | D:2      | Became a worshipper of Uskayaw the Reveller
  1857 | D:2      | Reached * piety under Uskayaw
  1857 | D:2      | Reached ** piety under Uskayaw
  2489 | D:3      | Found a glowing drain.
  2508 | Sewer    | Entered a sewer
  2700 | Sewer    | Gained mutation: You have large cloven feet. [demonic
                  | ancestry]
  2700 | Sewer    | Reached XP level 4. HP: 28/35 MP: 4/4
  2792 | Sewer    | Reached skill level 1 in Invocations
  3235 | Sewer    | Found a viscous altar of Jiyva.
  3239 | Sewer    | Splashed by a jelly's acid

Illustrated notes

Levels and vault maps discovered:
D:1:      minmay_arrival_four_circles, layout_basic
D:2:      layout_basic, dreamdust_ecumenical_altar_angels_and_demons,
          kennysheep_generic_room_7
D:3:      layout_basic, cheibrodos_sewer_entry_bend
Sewer:    sewer_hellmonk_slimy_pipes

Skill      XL: |  1  2  3  4 |
---------------+-------------+-----
Maces & Flails | 3 4 |  4.5
Invocations    | 1 |  1.6
Fighting       | |  3.0
Dodging        | |  2.6
Stealth        | |  1.7

Action                   |  1- 3 |  4- 6 || total
-------------------------+-------+-------++-------
Melee: Mace              |   106 |    27 ||   133
       Headbutt          |     6 |     2 ||     8
       Kick              |       |     6 ||     6
Invok: Stomp             |     1 |     2 ||     3
  Use: Potion            |     1 |       ||     1
       Scroll            |     2 |       ||     2
 Stab: Sleeping          |     4 |       ||     4
Armor: Leather armour    |    28 |       ||    28
       Ring mail         |     1 |     9 ||    10
       Chain mail        |       |     1 ||     1
Dodge: Dodged            |    70 |    15 ||    85

Table legend: (Time is in decaauts)
 A = Elapsed time spent in this place.
 B = Non-inter-level travel time spent in this place.
 C = Inter-level travel time spent in this place.
 D = Time resting spent in this place.
 E = Time spent auto-exploring this place.
 F = Levels seen in this place.
 G = Mean time per level.
                   A        B        C        D        E       F      G
               +--------+--------+--------+--------+--------+-----+--------+
         Total |   3281 |   3125 |    156 |   1165 |   1418 |   4 |  820.2 |
       Dungeon |   2533 |   2377 |    156 |    585 |   1373 |   3 |  844.3 |
         Sewer |    747 |    747 |      0 |    580 |     45 |   1 |  747.0 |
               +--------+--------+--------+--------+--------+-----+--------+

Top non-repeatable levels by time:
     D:2: 1415 daAuts
     D:1: 1039 daAuts
   Sewer: 747 daAuts
     D:3: 78 daAuts
